 Dungeon Crawl Stone Soup version 0.28.0-53-g5a82cb258f (webtiles) character file.

Game seed: 5683509629284823804

30 protoss039 the Digger (level 3, 14/26 HPs)
             Began as a Demonspawn Earth Elementalist on June 16, 2022.
             Got out of the dungeon alive.
             The game lasted 00:01:47 (1214 turns).

protoss039 the Digger (DsEE)                        Turns: 1214, Time: 00:01:48

Health: 14/26      AC:  2    Str:  8    XL:     3   Next: 3%
Magic:  6/6        EV: 12    Int: 18    God:
Gold:   70         SH:  0    Dex: 15    Spells: 3/6 levels left

rFire   . . .      SeeInvis .   f - +0 short sword
rCold   . . .      Faith    .   (no shield)
rNeg    . . .      Spirit   .   b - +0 robe
rPois   .          Reflect  .   (helmet restricted)
rElec   .          Harm     .   (no cloak)
rCorr   .          Rampage  .   (no gloves)
Will    .....                   (no boots)
Stlth   +++.......              (no amulet)
HPRegen 0.08/turn               (no ring)
MPRegen 0.10/turn               (no ring)

@: no status effects
A: antennae 1, thin skeletal structure 1
a: no special abilities


You escaped.
You visited 1 branch of the dungeon, and saw 2 of its levels.

You collected 70 gold pieces.

Inventory:

Hand Weapons
 f - a +0 short sword (weapon)
Missiles
 c - 68 stones
Armour
 b - a +0 robe (worn)
Scrolls
 a - a scroll of enchant weapon {unknown}
 d - a scroll of teleportation {unknown}
 e - 3 scrolls of identify {unknown}


   Skills:
 * Level 1.5 Fighting
 + Level 0.8 Armour
 - Level 1.7 Dodging
 - Level 1.7 Stealth
 + Level 2.2 Spellcasting
 - Level 1.0 Transmutations
 + Level 3.0 Earth Magic


You had 3 spell levels left.
You knew the following spells:

 Your Spells              Type           Power      Damage    Failure   Level
a - Sandblast             Erth           24%        2d8       5%          1
b - Passwall              Tmut/Erth      7%         N/A       12%         2

Your spell library contained the following spells:

 Spells                   Type           Power      Damage    Failure   Level
 Stone Arrow              Conj/Erth      14%        3d7       28%         3
 Petrify                  Tmut/Erth      9%         N/A       61%         4
 Animate Dead             Necr           1%         N/A       87%         4
 Borgnjor's Vile Clutch   Necr/Erth      3%         N/A       95%         5
 Death Channel            Necr           1%         N/A       100%        6


Dungeon Overview and Level Annotations

Branches:
Dungeon (2/15)

Altars:


Innate Abilities, Weirdness & Mutations

You have a pair of small antennae on your head.
You have a somewhat thin skeletal structure. (Dex +2, Stealth+)


Message History

You feel clever. x2; Your demonic ancestry asserts itself...
A pair of antennae grows on your head!
You closely miss the goblin. The goblin hits you with a +0 club.
You barely miss the goblin. The goblin closely misses you.
You hit the goblin.
The goblin is severely wounded.
The goblin completely misses you.
You closely miss the goblin.
The goblin is severely wounded.
The goblin hits you with a +0 club. The goblin closely misses you.
You hit the goblin but do no damage.
The goblin is severely wounded.
The goblin closely misses you.
You hit the goblin but do no damage.
The goblin is severely wounded.
The goblin hits you with a +0 club.
You closely miss the goblin.
The goblin is severely wounded.
The goblin barely misses you.
You closely miss the goblin.
The goblin is severely wounded.
The goblin hits you with a +0 club.
You hit the goblin.
You kill the goblin!
Your Earth Magic skill increases to level 3!
You see here a +0 club.
Found a stone staircase leading down.
e - 2 scrolls labelled TEWNEUD VURRU (gained 1) Unknown command.
e - 3 scrolls labelled TEWNEUD VURRU (gained 1)
Things that are here:
a +0 dagger; a kobold corpse Key pressed, stopping travel.
You can't go up here!
Unknown command.
Unknown command.
There is an open door here.
There is a staircase leading out of the dungeon here.
Are you sure you want to leave the Dungeon?
This will make you lose the game!
You have escaped!

#.# #.### #... #.## #...# ###.
#..# ###.# #... ##.## #.# #))#
#..###### #.# #..# #..##≈≈≈♣##
#.## #.)# ### #..#≈≈≈♣..#
#..#######..# ..### #..#♣♣♣..###
##......#.... #...###..'......@#
##...........
###......#♣♣♣..######............
>...##...#≈≈≈♣.>##...............
#######..##≈≈≈♣###...............
#..###### ####............ #....#
##............ ######
#.............
#.######.##.....#....
#........#####.##.###


There were no monsters in sight!

Vanquished Creatures
  2 bats (D:1)
  2 endoplasms
  4 goblins (D:1)
  2 hobgoblins
  4 jackals (D:1)
  3 kobolds
  3 quokkas (D:1)
  2 ball pythons (D:1)
  A rat (D:1)
23 creatures vanquished.

Notes
Turn   | Place    | Note
-------+----------+-------------------------------------------
     0 | D:1      | protoss039 the Demonspawn Earth Elementalist began the
                  | quest for the Orb.
     0 | D:1      | Reached XP level 1. HP: 13/13 MP: 3/3
   102 | D:2      | Reached skill level 1 in Transmutations
   240 | D:1      | Gained mutation: You have a somewhat thin skeletal
                  | structure. (Dex +2, Stealth+) [demonic ancestry]
   240 | D:1      | Reached XP level 2. HP: 13/20 MP: 0/5
   355 | D:1      | Reached skill level 1 in Fighting
   938 | D:1      | Learned a level 2 spell: Passwall
  1138 | D:1      | Gained mutation: You have a pair of small antennae on your
                  | head. [demonic ancestry]
  1138 | D:1      | Reached XP level 3. HP: 19/26 MP: 0/6
  1147 | D:1      | Reached skill level 3 in Earth Magic
  1214 | D:$      | Got out of the dungeon alive.

Illustrated notes

Levels and vault maps discovered:
D:1:      saegor_arrival_simple_d, layout_rooms, minmay_3d_cube
D:2:      layout_basic, shapermc_ecumenical_altar_mp_urbaneastern, uniq_jessica

Skill      XL: |  1  2  3 |
---------------+----------+-----
Transmutations | 1 |  1.0
Fighting       | 1 |  1.5
Earth Magic    | 3 |  3.0
Armour         | |  0.8
Dodging        | |  1.7
Stealth        | |  1.7
Spellcasting   | |  2.2

Action                   || total
-------------------------++-------
Melee: Dagger            ||    16
       Short sword       ||    24
 Cast: Sandblast         ||    28
 Stab: Sleeping          ||     3
Armor: Robe              ||    10
Dodge: Dodged            ||    34
